 Dungeon Crawl Stone Soup version 0.19.1-1-g22dce08 (webtiles) character file.

21 ponk the Digger (level 2, 0/15 HPs)
             Began as a Gargoyle Earth Elementalist on Jan 11, 2017.
             Slain by a hobgoblin
             ... wielding a +0 club
              (2 damage)
             ... on level 1 of the Dungeon.
             The game lasted 00:04:02 (1572 turns).

ponk the Digger (Gargoyle Earth Elementalist)       Turns: 1572, Time: 00:04:02

Health: 0/15       AC: 10    Str: 11    XL:     2   Next: 87%
Magic:  5/5        EV:  5    Int: 15    God:
Gold:   73         SH:  0    Dex: 10    Spells: 2 memorised, 2 levels left

rFire  . . .     SeeInvis .     a - +0 short sword
rCold  . . .     Gourm    .     n - +0 chain mail
rNeg   + . .     Faith    .     (no shield)
rPois  ∞         Spirit   .     (no helmet)
rElec  +         Reflect  .     (no cloak)
rCorr  .         Harm     .     (no gloves)
MR     .....                    (no boots)
Stlth  ..........               (no amulet)
                                (no ring)
                                (no ring)

@: no status effects
A: negative energy resistance 1, electricity resistance, unbreathing,
petrification resistance, rot immunity, AC +2
a: no special abilities


You were on level 1 of the Dungeon.
You were very hungry.

You visited 1 branch of the dungeon, and saw 2 of its levels.

You collected 73 gold pieces.

Inventory:

Hand Weapons
 a - a +0 short sword (weapon)
 l - a +2 whip of pain
Missiles
 b - 60 stones (quivered)
Armour
 c - a +0 robe
 n - a +0 chain mail (worn)
Jewellery
 g - an uncursed amulet of regeneration {unknown}
Scrolls
 h - a scroll of teleportation {unknown}
 j - 2 scrolls of magic mapping {unknown}
 m - a scroll of identify {unknown}
 o - a scroll of enchant armour {unknown}
Potions
 i - a potion of mutation {unknown}
 k - a potion of ambrosia {unknown}
 p - 2 potions of curing {unknown}
Books
 e - a book of Geomancy

   Spells                             Type                      Level
   a - Sandblast                      Earth                        1
   b - Passwall                       Transmutation/Earth          2
   c - Stone Arrow                    Conjuration/Earth            3
   d - Petrify                        Transmutation/Earth          4
   e - Lee's Rapid Deconstruction     Earth                        5
Comestibles
 d - 2 bread rations


   Skills:
 + Level 0.1 Short Blades
 + Level 0.4 Armour
 + Level 1.7 Dodging
 + Level 2.2 Stealth
 + Level 2.2 Spellcasting
 + Level 0.7 Transmutations
 + Level 4.3 Earth Magic


You had 2 spell levels left.
You knew the following spells:

 Your Spells              Type           Power        Failure   Level  Hunger
a - Sandblast             Erth           ##....       100%        1    #......
b - Passwall              Tmut/Erth      #.........   100%        2    ###....


Dungeon Overview and Level Annotations

Branches:
Dungeon (2/15)

Altars:


Innate Abilities, Weirdness & Mutations

You are resistant to torment.
Your stone body is resilient. (AC +2)
You are immune to poison.
You resist negative energy. (rN+)
You are resistant to electric shocks. (rElec)
You can survive without breathing.
You are immune to petrification.
You are immune to rotting.


Message History

The hobgoblin hits you but does no damage.
The hobgoblin hits you with a club.
* * * LOW HITPOINT WARNING * * *
The hobgoblin hits you but does no damage.
The hobgoblin hits you but does no damage.
The hobgoblin hits you with a club.
* * * LOW HITPOINT WARNING * * *
The hobgoblin hits you with a club.
* * * LOW HITPOINT WARNING * * *
The hobgoblin hits you but does no damage.
The hobgoblin barely misses you.
The hobgoblin hits you but does no damage.
The hobgoblin hits you but does no damage.
The hobgoblin hits you but does no damage.
The hobgoblin barely misses you.
The hobgoblin hits you but does no damage.
The hobgoblin hits you but does no damage.
The hobgoblin hits you but does no damage.
The hobgoblin hits you with a club.
You die...

# #####.#.#####.#)######## #. #
##)###.............## #.
##########.# #.##.#.###.##..# ##.
#..........# #.##.#.###'###+###..
#.############.#...##.'.....+.###
.....)...........#..#.#######.###
#..##########..#.........'....'..
#..# #..##.###.#####'#.#.# #..#
#..#@.###.+.....#.### #..#
##...g...###.....#+#.. #..#####
##...#.##...#.<>..#...# .......#
##......######.....#+#.. ######.#
#.......# #.#.....#.#.#
##.###.......####.#######.#.#
##.#.##.......##......+....'.#
#.###.....>......#.#######.###
##.#.###...[####.#.+.....'.#


You could see a hobgoblin.

Vanquished Creatures
  3 leopard geckos (D:1)
  3 goblins (D:1)
  A hobgoblin (D:1)
  A ball python (D:1)
  4 bats (D:1)
  2 frilled lizards (D:1)
  4 kobolds (D:1)
  2 rats (D:1)
20 creatures vanquished.

Notes
Turn   | Place    | Note
-------+----------+-------------------------------------------
     0 | D:1      | ponk the Gargoyle Earth Elementalist began the quest for the Orb.
     0 | D:1      | Reached XP level 1. HP: 10/10 MP: 3/3
   161 | D:1      | Reached skill level 4 in Earth Magic
   238 | D:1      | Reached XP level 2. HP: 15/15 MP: 1/5
   245 | D:1      | Learned a level 2 spell: Passwall
  1572 | D:1      | Slain by a hobgoblin

Skill      XL: |  1 |
---------------+----+-----
Earth Magic    | 4 |  4.3
Short Blades   | |  0.1
Armour         | |  0.4
Dodging        | |  1.7
Stealth        | |  2.2
Spellcasting   | |  2.2
Transmutations | |  0.7

Action                   || total
-------------------------++-------
Melee: Short sword       ||    63
       Unarmed           ||     3
 Cast: Sandblast         ||    14
       Passwall          ||     1
  Eat: Chunk             ||     1
Armor: Robe              ||     7
       Chain mail        ||   231
Dodge: Dodged            ||   108
